 Dungeon Crawl Stone Soup version 0.26-a0-257-g47e9e61525 (webtiles) character file.

Game seed: 10244921911822013045

4085 BritishOli the Skirmisher (level 10, -2/79 HPs)
             Began as a Demonspawn Gladiator on July 10, 2020.
             Was an Elder of Okawaru.
             Slain by a yak (4 damage)
             ... on level 10 of the Dungeon.
             The game lasted 00:06:35 (9432 turns).

BritishOli the Skirmisher (Demonspawn Gladiator)    Turns: 9432, Time: 00:06:35

Health: -2/79      AC: 10    Str: 19    XL:     10   Next: 5%
Magic:  0/10       EV: 18    Int:  9    God:    Okawaru [****..]
Gold:   454        SH:  0    Dex: 10    Spells: 9/9 levels left

rFire    . . .     SeeInvis .   a - +0 long sword
rCold    . . .     Faith    .   (no shield)
rNeg     . . .     Spirit   +   b - +0 leather armour
rPois    .         Reflect  .   c - +0 helmet
rElec    .         Harm     .   (no cloak)
rCorr    .                      j - +1 pair of gloves
MR       .....                  (no boots)
Stlth    +.........             q - amulet of guardian spirit
HPRegen  0.23/turn              r - +4 ring of evasion
MPRegen  0.12/turn              B - -4 ring of dexterity (curse)

@: no status effects
A: hooves 2, yellow scales 2, powered by pain 1, spiny 1
a: Heroism, Renounce Religion


You were on level 10 of the Dungeon.
You worshipped Okawaru.
Okawaru was greatly pleased with you.
You were not hungry.

You visited 2 branches of the dungeon, and saw 11 of its levels.

You collected 454 gold pieces.

Inventory:

Hand Weapons
 a - a +0 long sword (weapon)
Missiles
 d - a throwing net (quivered)
Armour
 b - a +0 leather armour (worn)
 c - a +0 helmet (worn)
 j - a +1 pair of gloves (worn)
Jewellery
 q - an amulet of guardian spirit (around neck)
 r - a +4 ring of evasion (left hand)
 t - an uncursed ring of flight
 A - an uncursed amulet of the acrobat
 B - a cursed -4 ring of dexterity (right hand)
 H - a +6 ring of intelligence {unknown}
Wands
 k - a wand of disintegration (16)
 D - a wand of digging (10)
 E - a wand of acid (8)
Scrolls
 e - a scroll of identify
 h - 2 scrolls of teleportation
 i - 3 scrolls of fear
 m - 2 scrolls of enchant weapon
 p - 2 scrolls of enchant armour
 y - 2 scrolls of fog
 F - a scroll of amnesia
 I - a scroll of magic mapping {unknown}
Potions
 g - 2 potions of berserk rage
 l - 3 potions of heal wounds
 n - a potion of resistance {unknown}
 o - 4 potions of lignification {unknown}
 s - 2 potions of mutation {unknown}
 u - a potion of invisibility {unknown}
 v - a potion of might
 w - 2 potions of stabbing {unknown}
 x - 4 potions of curing {unknown}
 z - 2 potions of flight {unknown}
 C - a potion of ambrosia {unknown}
 G - a potion of degeneration {unknown}
Comestibles
 f - 36 rations


   Skills:
 + Level 7.4 Fighting
 + Level 7.0 Long Blades
 - Level 3.3 Throwing
 + Level 6.3 Armour
 + Level 7.0 Dodging


You had 9 spell levels left.
You didn't know any spells.
Your spell library contained the following spells:

 Spells                   Type           Power        Failure   Level
 Corona                   Hex            #......      43%         1
 Magic Dart               Conj           #...         43%         1
 Shock                    Conj/Air       #...         43%         1
 Blink                    Tloc           N/A          56%         2
 Call Imp                 Summ           #.......     56%         2
 Ensorcelled Hibernation  Hex/Ice        #.....       56%         2
 Slow                     Hex            #.......     56%         2
 Swiftness                Chrm/Air       #.......     56%         2
 Confusing Touch          Hex            #.......     80%         3
 Conjure Flame            Conj/Fire      #.......     80%         3
 Dazzling Flash           Conj/Hex       #.....       80%         3
 Mephitic Cloud           Conj/Pois/Air  #.......     80%         3
 Static Discharge         Conj/Air       #.......     80%         3
 Tukima's Dance           Hex            #.......     80%         3
 Airstrike                Air            #.........   99%         4
 Lightning Bolt           Conj/Air       #.........   100%        5


Dungeon Overview and Level Annotations

Branches:
Dungeon (10/15)            Temple (1/1) D:4
   Lair: D:8-11         Orc: D:9-12

Altars:
Ashenzari
Cheibriados
Dithmenos
Elyvilon
Fedhas
Gozag
Hepliaklqana
Kikubaaqudgha
Makhleb
Nemelex Xobeh
Okawaru
Qazlal
Ru
Sif Muna
Trog
Uskayaw
Vehumet
Wu Jian
Xom
Yredelemnul
Zin
The Shining One

Shops:
D:7 =

Annotations:
D:9 1 runed translucent door


Innate Abilities, Weirdness & Mutations

You have hoof-like feet.
You are mostly covered in yellow scales. (AC +3)
You sometimes gain a little power by taking damage.
You are partially covered in sharp spines.


Message History

You hit the yak. You kick the yak.
The yak is almost dead.
The yak is struck by your spines. The yak gores you.
* * * LOW HITPOINT WARNING * * *
The yak misses you.
You slash the yak!
You kill the yak!
Okawaru accepts your kill.
Your Dodging skill increases to level 7!
The yak closely misses you.
Unknown command.
You slash the yak!
The yak is heavily wounded.
The yak is struck by your spines. The yak closely misses you.
You riposte.
You hit the yak but do no damage. You kick the yak!
The yak is almost dead.
You hit the yak. Your kick misses the yak.
The yak is almost dead.
The yak gores you.
You die...

................
..........<.......
#......#..########
#......#..#
#......#..#
#......#..#
#......#..########
#.##..#.†#..........
.......@?...........
#.###.Y††#..........
##...#..........
.....#..###.#..#
........... .....
...(........# #.?#
........#.#.# ..
........#.#..


You could see a yak.

Vanquished Creatures
  Joseph (D:9)
  A hornet (D:8)
  A hippogriff (D:9)
  A wraith (D:9)
  4 yaks (D:10)
  Grum (D:8)
  Duvessa (D:7)
  An orc warrior (D:6)
  A hornet zombie (D:9)
  A sky beast (D:9)
  2 black bears (D:9)
  2 wolves (D:8)
  2 centaurs
  A big kobold (D:8)
  2 bullfrogs
  Dowan (D:7)
  A water moccasin zombie (D:9)
  3 scorpions
  A howler monkey (D:6)
  3 killer bees (D:10)
  A bullfrog zombie (D:5)
  A bullfrog skeleton (D:7)
  3 hounds
  3 jellies
  A centaur skeleton (D:8)
  2 orc priests
  4 orc wizards
  Terence (D:3)
  2 iguanas
  7 worker ants
  A hound zombie (D:8)
  A worker ant zombie (D:5)
  5 gnolls
  A howler monkey skeleton (D:6)
  13 adders
  A shadow imp (D:8)
  3 ufetubi
  An adder skeleton (D:9)
  An adder zombie (D:7)
  4 worms
  5 dart slugs
  2 leopard geckos (D:1)
  13 orcs
  8 giant cockroaches
  9 goblins
  7 hobgoblins
  20 jackals
  3 quokkas
  A ball python (D:1)
  5 bats
  4 frilled lizards
  16 kobolds
  2 leopard gecko skeletons
  6 rats
  A plant (D:1)
189 creatures vanquished.

Vanquished Creatures (others)
  A human (D:4)
1 creature vanquished.

Grand Total: 190 creatures vanquished

Notes
Turn   | Place    | Note
-------+----------+-------------------------------------------
     0 | D:1      | BritishOli the Demonspawn Gladiator began the quest for the
                  | Orb.
     0 | D:1      | Reached XP level 1. HP: 16/16 MP: 1/1
   141 | D:1      | Gained mutation: You have large cloven feet. [demonic
                  | ancestry]
   141 | D:1      | Reached XP level 2. HP: 8/22 MP: 2/2
   709 | D:1      | Reached XP level 3. HP: 14/28 MP: 3/3
  1111 | D:1      | Reached skill level 1 in Armour
  1958 | D:2      | Gained mutation: You are partially covered in sharp spines.
                  | [demonic ancestry]
  1958 | D:2      | Reached XP level 4. HP: 33/34 MP: 4/4
  2563 | D:2      | You fall into a shaft and drop 2 floors!
  2576 | D:4      | Gained mutation: You are partially covered in yellow
                  | scales. (AC +2) [demonic ancestry]
  2576 | D:4      | Reached XP level 5. HP: 40/40 MP: 5/5
  2985 | D:4      | Found an iron altar of Okawaru.
  2985 | D:4      | Found a white marble altar of Elyvilon.
  3097 | D:4      | Gained mutation: You are mostly covered in yellow scales.
                  | (AC +3) [demonic ancestry]
  3097 | D:4      | Reached XP level 6. HP: 47/47 MP: 6/6
  3145 | D:4      | Found an ancient bone altar of Kikubaaqudgha.
  3147 | D:4      | Noticed a human
  3148 | D:4      | Killed a human
  3299 | D:4      | Found a staircase to the Ecumenical Temple.
  3407 | D:4      | Found a stormy altar of Qazlal.
  3772 | D:5      | Entered Level 5 of the Dungeon
  3866 | Temple   | Entered the Ecumenical Temple
  4036 | D:3      | Noticed Terence
  4050 | D:3      | Killed Terence
  4237 | D:3      | Found a sacrificial altar of Ru.
  5143 | D:2      | Found a hazy altar of Hepliaklqana.
  5272 | D:4      | Became a worshipper of Warmaster Okawaru
  5330 | D:5      | Found a shattered altar of Ashenzari.
  5392 | D:5      | Reached XP level 7. HP: 53/53 MP: 7/7
  5397 | D:5      | You fall into a shaft and drop 2 floors!
  5419 | D:7      | Found Jezif's Jewellery Boutique.
  5798 | D:7      | Noticed Dowan
  5799 | D:7      | Noticed Duvessa
  5827 | D:7      | Killed Duvessa
  5827 | D:7      | Reached * piety under Okawaru
  5833 | D:7      | Killed Dowan
  6083 | D:7      | Found an opulent altar of Gozag.
  6083 | D:7      | Found a shimmering blue altar of Sif Muna.
  6089 | D:7      | Found a faded altar of an unknown god.
  6091 | D:7      | Found a bloodstained altar of Trog.
  6092 | D:7      | Found a shimmering altar of Xom.
  6416 | D:6      | Reached XP level 8. HP: 28/61 MP: 4/8
  6644 | D:6      | Reached skill level 5 in Fighting
  6644 | D:6      | Reached skill level 5 in Long Blades
  6720 | D:6      | Reached skill level 5 in Dodging
  7315 | D:8      | Noticed a hornet
  7322 | D:8      | Killed a hornet
  7322 | D:8      | Reached ** piety under Okawaru
  7693 | D:8      | Found a radiant altar of Vehumet.
  7705 | D:8      | Found a glowing silver altar of Zin.
  7890 | D:8      | Noticed Grum
  7902 | D:8      | Killed Grum
  7907 | D:8      | Reached skill level 5 in Armour
  7907 | D:8      | Gained mutation: You have hoof-like feet. [demonic
                  | ancestry]
  7907 | D:8      | Reached XP level 9. HP: 46/69 MP: 7/9
  8334 | D:9      | Noticed Joseph
  8352 | D:9      | Killed Joseph
  8352 | D:9      | Reached *** piety under Okawaru
  8671 | D:9      | Received a gift from Okawaru
  8859 | D:9      | Found a runed translucent door.
  8860 | D:9      | Noticed a yaktaur captain
  9261 | D:9      | Noticed a gargoyle
  9391 | D:10     | Entered Level 10 of the Dungeon
  9427 | D:10     | Reached **** piety under Okawaru
  9427 | D:10     | Gained mutation: You sometimes gain a little power by
                  | taking damage. [demonic ancestry]
  9427 | D:10     | Reached XP level 10. HP: 13/79 MP: 2/10
  9429 | D:10     | HP: 1/79 [yak (5)]
  9432 | D:10     | Slain by a yak

Illustrated notes

Levels and vault maps discovered:
D:1:      roderic_crop_circles_arrival_small, layout_loops_ring
D:2:      layout_loops_ring, lemuel_doored_altar,
          hangedman_abyss_or_decor_lesser_grid
D:3:      layout_loops_ring, nicolae_overflow_crystal_walls, first_ration,
          uniq_terence
D:4:      layout_loops_corners, kennysheep_mini, grunt_temple_overflow_open,
          minmay_temple_entry_trees, tgw_kikubaaqudgha
D:5:      layout_loops_corners, nicolae_ashenzari_panopticon, uniq_grinder
D:6:      layout_basic, solitary_fountain
D:7:      layout_loops_ring, chequers_temple_overflow_minitemple, serial_shops,
          shop, uniq_duvessa
D:8:      layout_loops_ring, lemuel_crystal_altar, kennysheep_mini_moat,
          uniq_grum
D:9:      layout_roguey, minivault_13, uniq_joseph
D:10:     layout_basic
Temple:   compressed_dpeg_circular_temple

Skill      XL: |  1  2  3  4  5  6  7  8  9 10 |
---------------+-------------------------------+-----
Throwing       | 2 3 |  3.3
Long Blades    | 3 4 5 7 |  7.0
Dodging        | 3 4 5 6 7 |  7.0
Armour         | 1 2 3 5 6 |  6.3
Fighting       | 3 4 6 7 |  7.4

Action                   |  1- 3 |  4- 6 |  7- 9 | 10-12 || total
-------------------------+-------+-------+-------+-------++-------
Melee: Long sword        |   134 |   143 |   258 |     5 ||   540
       Kick              |    31 |    53 |   112 |     2 ||   198
Throw: Throwing net      |       |       |     2 |       ||     2
  Use: Scroll            |       |     3 |     7 |       ||    10
  Eat: Ration            |     1 |     3 |     4 |       ||     8
Armor: Leather armour    |    42 |    45 |    69 |       ||   156
Dodge: Dodged            |    87 |    97 |   266 |     6 ||   456
       Rpst.: Long sword |    31 |    38 |    70 |     1 ||   140

Table legend:
 A = Non-vault XP
 B = Vault XP
 C = Vault XP percentage of total XP
 D = Non-vault monster count
 E = Vault monster count
 F = Vault count percentage of total count
                 A         B        C        D         E       F
            +---------+---------+-------+---------+---------+-------
      Total |    4477 |    1359 |  23.3 |     180 |       8 |   4.3
            +---------+---------+-------+---------+---------+-------
        D:1 |      77 |       0 |   0.0 |      34 |       0 |   0.0
        D:2 |     109 |       0 |   0.0 |      21 |       0 |   0.0
        D:3 |      81 |      36 |  30.8 |      26 |       1 |   3.7
        D:4 |     377 |       0 |   0.0 |      18 |       0 |   0.0
        D:5 |      65 |       0 |   0.0 |       3 |       0 |   0.0
        D:6 |     533 |       0 |   0.0 |      21 |       0 |   0.0
        D:7 |     364 |     235 |  39.2 |      10 |       2 |  16.7
        D:8 |     716 |     398 |  35.7 |      23 |       3 |  11.5
        D:9 |    1123 |     690 |  38.1 |      16 |       2 |  11.1
       D:10 |    1032 |       0 |   0.0 |       8 |       0 |   0.0
            +---------+---------+-------+---------+---------+-------
